 Dungeon Crawl Stone Soup version 0.19-a0-1008-g4c63d25 (webtiles) character file.

9470 HAL9000 the Grappler (level 11, -8/94 HPs)
             Began as a Pale Draconian Transmuter on July 23, 2016.
             Was a Follower of Hepliaklqana.
             Mangled by a seven-headed hydra (11 damage)
             ... on level 1 of the Lair of Beasts.
             The game lasted 00:27:27 (11018 turns).

HAL9000 the Grappler (Pale Draconian Transmuter)   Turns: 11018, Time: 00:27:28

Health: -8/94      AC:  2    Str: 15    XL:     11   Next: 23%
Magic:  2/14       EV: 28    Int: 14    God:    Hepliaklqana [*.....]
Gold:   495        SH:  0    Dex: 17    Spells: 4 memorised, 3 levels left

rFire  . . .     SeeInvis .       - Unarmed
rCold  . . .     Gourm    .     (armour unavailable)
rNeg   . . .     Faith    .     (shield currently unavailable)
rPois  x         Spirit   .     (helmet currently unavailable)
rElec  .         Dismiss  .     (cloak currently unavailable)
rCorr  .         Reflect  .     (gloves currently unavailable)
SustAt .         Harm     .     (boots currently unavailable)
MR     .....                    D - amulet of regeneration
Stlth  ++........               C - +2 ring of evasion
                                r - +3 ring of slaying

@: spider-form (expiring), not resistant to hostile enchantments, unstealthy
A: (breathe steam), unfitting armour, (cold-blooded), AC +7
a: End Transformation, Recall Ancestor, Ancestor Identity, Renounce Religion


You were on level 1 of the Lair of Beasts.
You worshipped Hepliaklqana.
Hepliaklqana was aware of your devotion.
You were near starving.
You were a venomous arachnid creature.
You visited 3 branches of the dungeon, and saw 11 of its levels.
You also visited: Ossuary.

You collected 495 gold pieces.

Inventory:

Missiles
 a - 106 arrows
 m - 11 javelins (quivered)
Armour
 O - a +2 hat of intelligence (melded)
 Q - the +0 cloak of Puwirgh (melded) {rN+}
   (You found it on level 5 of the Dungeon)

   It protects you from negative energy.
 R - a +1 pair of boots (melded)
Jewellery
 d - an uncursed amulet of dismissal
 r - a +3 ring of slaying (left front leg)
 t - a +2 amulet of reflection
 w - an uncursed ring of protection from cold
 C - a +2 ring of evasion (right front leg)
 D - an amulet of regeneration (around neck)
 I - an uncursed amulet of faith
 M - an uncursed ring of see invisible
Wands
 A - a wand of paralysis (13/24)
 H - a wand of flame (17/48)
 J - a wand of heal wounds (6/9)
 P - a wand of acid (10/15)
 S - a wand of iceblast (6/15)
 U - a wand of iceblast (5/15)
 X - a wand of slowing (16/48)
 Y - a wand of iceblast (7/15)
Scrolls
 h - 3 scrolls of enchant weapon
 i - a scroll of enchant armour
 x - 3 scrolls of fog
 y - a scroll of blinking
 E - 3 scrolls of teleportation
 F - 5 scrolls of remove curse
 V - a scroll of recharging
Potions
 f - 2 potions of ambrosia
 k - 3 potions of invisibility
 n - a potion of cure mutation {unknown}
 p - 4 potions of brilliance
 q - 11 potions of curing
 u - 5 potions of heal wounds
 z - 2 potions of agility
 B - 3 potions of might
 K - 2 potions of flight
 N - a potion of magic {unknown}
 T - a potion of haste {unknown}
Books
 b - a book of Changes

   Spells                             Type                      Level
   a - Beastly Appendage              Transmutation                1
   b - Sticks to Snakes               Transmutation                2
   c - Spider Form                    Transmutation/Poison         3
   d - Ice Form                       Ice/Transmutation            4
   e - Blade Hands                    Transmutation                5
 G - a book of Alchemy

   Spells                             Type                      Level
   a - Sublimation of Blood           Necromancy                   2
   b - Ignite Poison                  Fire/Transmutation/Poison    3
   c - Petrify                        Transmutation/Earth          4
   d - Alistair's Intoxication        Transmutation/Poison         5
   e - Irradiate                      Conjuration/Transmutation    5
Miscellaneous
 j - a phial of floods
Comestibles
 c - 5 bread rations
 s - 2 slices of pizza
 v - 9 beef jerkies
 L - 9 royal jellies
 W - a meat ration
 Z - 2 fruits


   Skills:
 + Level 8.1 Fighting
 + Level 7.2 Dodging
 + Level 10.4 Unarmed Combat
 - Level 2.0 Spellcasting
 + Level 10.3 Transmutations


You had 3 spell levels left.
You knew the following spells:

 Your Spells              Type           Power        Failure   Level  Hunger
a - Beastly Appendage     Tmut           ####..       3%          1    ##.....
b - Sticks to Snakes      Tmut           ####....     4%          2    ###....
c - Spider Form           Tmut/Pois      ###.......   24%         3    ####...
d - Blade Hands           Tmut           ####......   28%         5    ######.


Dungeon Overview and Level Annotations

Branches:
Dungeon (9/15)             Temple (1/1) D:4            Lair (1/6) D:9
    Orc: D:9-12

Altars:
Ashenzari
Cheibriados
Dithmenos
Elyvilon
Fedhas
Gozag
Hepliaklqana
Kikubaaqudgha
Makhleb
Nemelex Xobeh
Okawaru
Pakellas
Qazlal
Ru
Sif Muna
Trog
Uskayaw
Vehumet
Xom
Yredelemnul
Zin
The Shining One
Lugonu


Innate Abilities, Weirdness & Mutations

((You can breathe blasts of scalding, opaque steam.))
((Your pale cyan-grey scales are hard. (AC +7)))
Your body does not fit into most forms of armour.
((You are cold-blooded and may be slowed by cold attacks.))


Message History

The seven-headed hydra is heavily wounded.
Your transformation is almost over.
The seven-headed hydra bites you! x2
* * * LOW HITPOINT WARNING * * *
The seven-headed hydra completely misses you.
The seven-headed hydra closely misses you.
The seven-headed hydra misses you.
The seven-headed hydra closely misses you.
The seven-headed hydra barely misses you.
Your ball python bites the seven-headed hydra. x2
You bite the seven-headed hydra!
The seven-headed hydra is severely wounded.
The seven-headed hydra bites you!
* * * LOW HITPOINT WARNING * * *
The seven-headed hydra bites you.
* * * LOW HITPOINT WARNING * * *
The seven-headed hydra bites you.
* * * LOW HITPOINT WARNING * * *
The seven-headed hydra bites you!
You die...

### ## #######.### ..#
....#.....# ...+
#....##..#######....#
..#.#....S#.....'....#
...####..#sS.#####$...#
#......SSD### +###
###+##.#### #...##
###.#### #..#.# ##..###
###.+#.# #.....#


You could see a seven-headed hydra, a friendly adder and 3 friendly ball
pythons.

Vanquished Creatures
  Gastronok (Lair:1)
  Fannar (Lair:1)
  Erica (D:9)
  The ghost of p0werm0de the Nimble, a novice OpCK of Xom (D:8)
  A spiny frog (Lair:1)
  3 blink frogs (Lair:1)
  2 hungry ghosts (D:9)
  A basilisk (Lair:1)
  A vampire mosquito (D:9)
  2 hippogriffs (Lair:1)
  3 water moccasins (Lair:1)
  2 soldier ants (D:8)
  A porcupine (Lair:1)
  2 orc warriors
  A wasp (D:8)
  An ice beast (D:7)
  A black bear (D:9)
  2 phantoms (D:4)
  An ogre (D:3)
  3 centaurs
  A big kobold (D:9)
  5 giant frogs
  A gnoll sergeant (D:8)
  4 scorpions
  A water moccasin skeleton (D:6)
  3 wights (D:9)
  A howler monkey (D:5)
  4 crimson imps
  A giant frog zombie (D:7)
  3 giant frog skeletons
  2 gnoll shamans
  2 orc priests (D:8)
  A centaur skeleton (D:5)
  2 hounds
  2 iguanas
  2 jellies (D:3)
  5 orc wizards
  Jessica (D:2)
  Terence (D:3)
  8 worker ants
  14 mummies (Ossuary)
  19 gnolls
  8 adders
  A shadow imp (D:7)
  2 oozes
  An adder zombie (D:8)
  An adder skeleton (D:5)
  2 worms
  5 dart slugs
  6 giant geckos
  21 orcs
  7 bats
  11 giant cockroaches
  5 goblins
  6 hobgoblins
  8 jackals
  4 quokkas
  A sheep (D:3)
  3 ball pythons
  10 giant newts
  A jackal skeleton (D:6)
  15 kobolds
  3 kobold skeletons (Ossuary)
  5 orc skeletons (Ossuary)
  7 rats
  11 rat skeletons (Ossuary)
258 creatures vanquished.

Vanquished Creatures (collateral kills)
  A vampire mosquito (D:9)
  A black bear (D:8)
  An ogre (D:9)
  2 giant frogs
  A crimson imp (D:9)
  A centaur skeleton (D:8)
  An orc wizard (D:8)
  3 gnolls
  An adder (D:8)
  2 orcs (D:8)
  2 goblins (D:2)
  7 jackals
  2 kobolds
  A quokka skeleton (D:8)
  A fungus (Lair:1)
27 creatures vanquished.

Vanquished Creatures (others)
  4 ancestors
4 creatures vanquished.

Grand Total: 289 creatures vanquished

Notes
Turn   | Place    | Note
-------+----------+-------------------------------------------
     0 | D:1      | HAL9000 the Draconian Transmuter began the quest for the Orb.
     0 | D:1      | Reached XP level 1. HP: 16/16 MP: 3/3
   182 | D:1      | Reached XP level 2. HP: 18/23 MP: 3/5
   948 | D:1      | Reached XP level 3. HP: 28/28 MP: 4/6
  1036 | D:1      | Learned a level 2 spell: Sticks to Snakes
  1100 | D:2      | Noticed Jessica
  1106 | D:2      | Killed Jessica
  1106 | D:2      | Reached XP level 4. HP: 34/35 MP: 5/7
  1651 | D:2      | Found a stormy altar of Qazlal.
  1857 | D:2      | Noticed an orc warrior
  2257 | D:2      | Learned a level 3 spell: Spider Form
  2279 | D:2      | Killed an orc warrior
  2279 | D:2      | Reached skill level 5 in Unarmed Combat
  2279 | D:2      | Reached XP level 5. HP: 14/40 MP: 0/8
  2517 | D:3      | Noticed an ogre
  2527 | D:3      | Killed an ogre
  2527 | D:3      | Reached XP level 6. HP: 47/47 MP: 3/9
  2631 | D:3      | Found a shimmering altar of Xom.
  2752 | D:3      | Found a sparkling altar of Nemelex Xobeh.
  2752 | D:3      | Found a snail-covered altar of Cheibriados.
  2823 | D:3      | Noticed Terence
  2839 | D:3      | Killed Terence
  3057 | D:3      | Reached skill level 5 in Transmutations
  4327 | D:4      | Your scales start taking on a pale cyan-grey colour.
  4327 | D:4      | Reached XP level 7. HP: 50/52 MP: 3/10
  4616 | D:4      | Found a staircase to the Ecumenical Temple.
  4695 | Temple   | Entered the Ecumenical Temple
  5023 | D:5      | Entered Level 5 of the Dungeon
  5406 | D:5      | Found a basalt altar of Yredelemnul.
  5599 | D:6      | Reached XP level 8. HP: 59/59 MP: 9/11
  5713 | D:6      | Found a shimmering altar of Xom.
  5724 | D:6      | Noticed an angel
  5726 | D:6      | Found a glowing silver altar of Zin.
  5820 | D:6      | Found an ancient bone altar of Kikubaaqudgha.
  5820 | D:6      | Found a blossoming altar of Fedhas.
  5946 | D:5      | Got a fine cloak
  5952 | D:5      | Identified the +0 cloak of Puwirgh {rN+} (You found it on level 5 of the Dungeon)
  6013 | D:6      | Found a sand-covered staircase.
  6239 | Ossuary  | Entered an ossuary
  6761 | D:6      | Learned a level 5 spell: Blade Hands
  7246 | D:7      | Reached XP level 9. HP: 66/71 MP: 9/12
  7587 | D:7      | Found a burning altar of Makhleb.
  7587 | D:7      | Found an oddly glowing altar of Pakellas.
  7587 | D:7      | Found an iron altar of Okawaru.
  7588 | D:7      | Found a deep blue altar of Sif Muna.
  7589 | D:7      | Found a hazy altar of Hepliaklqana.
  7591 | D:7      | Found a bloodstained altar of Trog.
  7592 | D:7      | Found a radiant altar of Vehumet.
  7600 | D:7      | Became a worshipper of Hepliaklqana
  7845 | D:8      | Noticed p0werm0de's ghost (novice OpCK)
  7864 | D:8      | Killed p0werm0de's ghost
  8015 | D:8      | Reached skill level 5 in Fighting
  8293 | D:8      | Reached skill level 5 in Dodging
  8916 | D:8      | Found an opulent altar of Gozag.
  9279 | D:9      | Found a staircase to the Lair.
  9311 | D:9      | Reached * piety under Hepliaklqana
  9367 | D:9      | Reached XP level 10. HP: 83/83 MP: 7/13
  9474 | D:9      | Noticed Erica
  9493 | D:9      | Killed Erica
 10221 | Lair:1   | Entered Level 1 of the Lair of Beasts
 10549 | Lair:1   | Reached skill level 10 in Unarmed Combat
 10594 | Lair:1   | Noticed a spiny frog
 10603 | Lair:1   | Killed a spiny frog
 10787 | Lair:1   | Noticed Gastronok
 10821 | Lair:1   | Killed Gastronok
 10821 | Lair:1   | Reached skill level 10 in Transmutations
 10821 | Lair:1   | Reached XP level 11. HP: 79/94 MP: 6/14
 10921 | Lair:1   | Noticed Fannar
 10932 | Lair:1   | Killed Fannar
 10999 | Lair:1   | Noticed a seven-headed hydra
 11018 | Lair:1   | HP: 3/94 [seven-headed hydra (3)]
 11018 | Lair:1   | Mangled by a seven-headed hydra

Vault maps used:
D:1:      erik_arrival_cave_to_civilisation
D:2:      grunt_qazlal_clouds, dk_noncrumbling_3, minmay_item_behind_shaft,
          minmay_divided_ellipse, uniq_jessica
D:3:      minmay_roachtagon, amethyst_overflow_temple_binary, dk_xom_monty_hall,
          uniq_terence
D:5:      nicolae_overflow_crystal_walls, first_bread
D:6:      grunt_temple_overflow_order_and_chaos_1,
          grunt_temple_overflow_growth_and_decay, nicolae_ossuary_entry_monument
D:7:      minitemple, grunt_decor_fettered
D:8:      grunt_gozag_breadcrumbs, hangedman_pestilent_swarm
D:9:      lair_0_dummy, uniq_erica
Temple:   corrupted_temple
Lair:1:   serial_bayou_pond_b, uniq_fannar, uniq_harold, uniq_gastronok
Ossuary:  ossuary_due_small_catacomb

Skill      XL: |  1  2  3  4  5  6  7  8  9 10 11 |
---------------+----------------------------------+-----
Unarmed Combat | 4 5 6 7 8 9 10 | 10.4
Transmutations | 3 4 5 6 7 9 10 | 10.3
Dodging        | 3 5 7 |  7.2
Fighting       | 3 5 7 8 |  8.1
Spellcasting   | |  2.0

Action                   |  1- 3 |  4- 6 |  7- 9 | 10-12 || total
-------------------------+-------+-------+-------+-------++-------
Melee: Unarmed           |    88 |   180 |   438 |   149 ||   855
       Tailslap          |    12 |    14 |    52 |    15 ||    93
       Kick              |     9 |     6 |    10 |       ||    25
       Headbutt          |     3 |       |       |       ||     3
       Punch             |     2 |     1 |    13 |     8 ||    24
Throw: Javelin           |     2 |       |       |       ||     2
 Cast: Beastly Appendage |    17 |    14 |     4 |       ||    35
       Sticks to Snakes  |     1 |    18 |    25 |     5 ||    49
       Spider Form       |       |     7 |    10 |     4 ||    21
       Blade Hands       |       |       |     1 |     3 ||     4
Invok: Ancestor Identity |       |       |     1 |       ||     1
 Abil: Breathe Steam     |       |       |     4 |       ||     4
       End Transformatio |       |       |       |     1 ||     1
  Use: Scroll            |       |     1 |    16 |     4 ||    21
       Potion            |       |       |     2 |       ||     2
 Stab: Distracted        |       |     4 |     3 |     3 ||    10
       Sleeping          |       |       |     3 |       ||     3
  Eat: Chunk             |     1 |    13 |    15 |     8 ||    37
       Meat ration       |       |       |     1 |       ||     1
       Fruit             |       |       |     1 |     1 ||     2
Armor: Skin              |    22 |    50 |    91 |    42 ||   205
Dodge: Dodged            |    50 |   119 |   243 |   102 ||   514
